 Dungeon Crawl Stone Soup version 0.23-a0-814-g91b4073 (console) character file.

122 bli the Insei (level 4, -1/32 HPs)
             Began as a Demonspawn Transmuter on Jan 21, 2019.
             Slain by an orc wizard
             ... wielding a +0 trident
              (6 damage)
             ... on level 3 of the Dungeon.
             The game lasted 00:06:55 (1946 turns).

bli the Insei (Demonspawn Transmuter)               Turns: 1946, Time: 00:06:56

Health: -1/32      AC:  2    Str: 11    XL:     4   Next: 78%
Magic:  0/7        EV: 12    Int: 14    God:
Gold:   191        SH:  0    Dex: 14    Spells: 6/7 levels left

rFire    . . .     SeeInvis .     - Unarmed
rCold    . . .     Gourm    .   (no shield)
rNeg     . . .     Faith    .   b - +0 robe
rPois    .         Spirit   +   (helmet restricted)
rElec    .         Reflect  .   (no cloak)
rCorr    .         Harm     .   (no gloves)
MR       .....                  (boots currently unavailable)
Stlth    +.........             i - amulet of rage
HPRegen  0.10/turn              (no ring)
MPRegen  0.10/turn              (no ring)

@: appendage (expiring), very slightly contaminated, heavily drained
A: antennae 2, talons 3, magic shield
a: End Transformation, Evoke Berserk Rage


You were on level 3 of the Dungeon.
You were not hungry.
You had grown temporary talons.
You visited 1 branch of the dungeon, and saw 3 of its levels.

You collected 191 gold pieces.

Inventory:

Hand Weapons
 e - a +0 hunting sling
 j - a +0 hunting sling
Missiles
 a - 12 arrows
 c - 107 stones (quivered)
 l - 5 javelins
 v - 15 sling bullets
Armour
 b - a +0 robe (worn)
Jewellery
 i - an amulet of rage (around neck)
 u - an uncursed amulet of harm
Scrolls
 f - a scroll of enchant weapon {unknown}
 h - a scroll of magic mapping {unknown}
 m - 4 scrolls of identify {unknown}
 n - a scroll of remove curse {unknown}
 q - a scroll of immolation {unknown}
 r - a scroll of noise {unknown}
 x - a scroll of fog {unknown}
 y - a scroll of teleportation {unknown}
Potions
 g - a potion of brilliance {unknown}
 k - 4 potions of lignification {unknown}
 o - 2 potions of degeneration {unknown}
 p - a potion of haste {unknown}
 s - a potion of agility
 w - a potion of curing {unknown}
Comestibles
 d - 5 rations
 t - a chunk of flesh


   Skills:
 + Level 1.1(0.0) Fighting
 + Level 2.5(0.9) Dodging
 * Level 4.5(2.8) Unarmed Combat
 - Level 2.0(0.4) Spellcasting
 + Level 1.9(0.3) Transmutations


You had 6 spell levels left.
You knew the following spells:

 Your Spells              Type           Power        Failure   Level  Hunger
a - Beastly Appendage     Tmut           #.....       24%         1    ##.....

Your spell library contained the following spells:

 Spells                   Type           Power        Failure   Level  Hunger
 Sticks to Snakes         Tmut           #.......     36%         2    ###....
 Spider Form              Tmut/Pois      #.........   61%         3    ####...
 Ice Form                 Ice/Tmut       #.......     95%         4    #####..
 Blade Hands              Tmut           #.........   100%        5    ######.


Dungeon Overview and Level Annotations

Branches:
Dungeon (3/15)

Altars:


Innate Abilities, Weirdness & Mutations

You have a pair of antennae on your head.
When hurt, damage is shared between your health and your magic reserves.
You have claws for feet.


Message History

Confirm with . or Enter, or press ? or * to list all spells.
Your feet morph into talons.
The orc wizard hits you from afar with a +0 trident!
The orc wizard hits you with a +0 trident!
* * * LOW HITPOINT WARNING * * *
The orc wizard hits you with a +0 trident.
* * * LOW HITPOINT WARNING * * *
You barely miss the orc wizard. You claw the orc wizard.
The orc wizard is lightly wounded.
The orc wizard gestures at you while chanting.
The magic dart hits you.
* * * LOW HITPOINT WARNING * * *
You hit the orc wizard.
The orc wizard is moderately wounded.
The orc wizard closely misses you.
You closely miss the orc wizard. You claw the orc wizard.
The orc wizard is severely wounded.
The orc wizard misses you.
The orc wizard hits you with a +0 trident.
You die...

#.# #.# #># #.# #.#
#########.#
#.......#.#
#.#####.#.#
####.#.#####.#.####
#.(?..o@)).)......#
#.##.#.......#.##.#
########...#.#
#.....♣♣ ##...♣♣
##.#♣ #.# #.# ##'##
##...## .###.....##


You could see an orc wizard.

Vanquished Creatures
  An orc wizard (D:2)
  3 adders (D:2)
  An ooze (D:1)
  A worm (D:2)
  A dart slug (D:1)
  3 leopard geckos
  6 orcs
  2 giant cockroaches
  4 goblins
  4 hobgoblins
  6 jackals (D:2)
  A quokka (D:2)
  A ball python (D:1)
  4 bats (D:1)
  3 frilled lizards
  2 kobolds (D:1)
  5 rats
48 creatures vanquished.

Notes
Turn   | Place    | Note
-------+----------+-------------------------------------------
     0 | D:1      | bli the Demonspawn Transmuter began the quest for the Orb.
     0 | D:1      | Reached XP level 1. HP: 15/15 MP: 3/3
    14 | D:1      | You fall through a shaft!
    15 | D:2      | Noticed an orc wizard
    31 | D:2      | Killed an orc wizard
    31 | D:2      | Reached skill level 3 in Unarmed Combat
    31 | D:2      | Gained mutation: When hurt, damage is shared between your
                  | health and your magic reserves. [demonic ancestry]
    31 | D:2      | Reached XP level 2. HP: 9/21 MP: 3/5
    31 | D:2      | Lost mutation: You have a pair of horns on your head.
                  | [demonic ancestry]
    31 | D:2      | Lost mutation: You have a pair of small horns on your head.
                  | [demonic ancestry]
    31 | D:2      | Gained mutation: You have a pair of small antennae on your
                  | head. [demonic ancestry]
    31 | D:2      | Reached XP level 3. HP: 11/26 MP: 3/6
   151 | D:1      | Reached skill level 4 in Unarmed Combat
   709 | D:1      | Gained mutation: You have a pair of antennae on your head.
                  | [demonic ancestry]
   709 | D:1      | Reached XP level 4. HP: 32/32 MP: 5/7
  1946 | D:3      | Slain by an orc wizard

Vault maps used:
D:1:      minmay_arrival_checkered_box
D:3:      nicolae_overflow_crystal_walls, nicolae_overflow_hidden_temple,
          serial_forest, infiniplex_forest_straight_1,
          infiniplex_forest_zigzag_1, infiniplex_forest_straight_4,
          infiniplex_forest_straight_2, infiniplex_forest_straight_5,
          infiniplex_forest_join, first_ration, kennysheep_nub

Skill      XL: |  1  2  3 |
---------------+----------+-----
Dodging        | 2 |  2.5
Unarmed Combat | 3 4 |  4.5
Fighting       | |  1.1
Spellcasting   | |  2.0
Transmutations | |  1.9

Action                   |  1- 3 |  4- 6 || total
-------------------------+-------+-------++-------
Melee: Unarmed           |    63 |   107 ||   170
       Headbutt          |     2 |       ||     2
       Kick              |     7 |    14 ||    21
       Punch             |     1 |     1 ||     2
Throw: Stone             |       |     6 ||     6
 Cast: Beastly Appendage |    10 |    13 ||    23
 Stab: Sleeping          |     1 |     1 ||     2
  Eat: Chunk             |       |     4 ||     4
Armor: Robe              |    15 |    15 ||    30
Dodge: Dodged            |    44 |    70 ||   114

Table legend:
 A = Non-vault XP
 B = Vault XP
 C = Vault XP percentage of total XP
 D = Non-vault monster count
 E = Vault monster count
 F = Vault count percentage of total count
                 A         B        C        D         E       F
            +---------+---------+-------+---------+---------+-------
      Total |     175 |       0 |   0.0 |      48 |       0 |   0.0
            +---------+---------+-------+---------+---------+-------
        D:1 |      36 |       0 |   0.0 |      18 |       0 |   0.0
        D:2 |     130 |       0 |   0.0 |      27 |       0 |   0.0
        D:3 |       9 |       0 |   0.0 |       3 |       0 |   0.0
            +---------+---------+-------+---------+---------+-------
